 Dungeon Crawl Stone Soup version 0.30-a0-422-g946f4849ff (webtiles) character file.

Game seed: 17752113177975420827

7 retardedninja the Trooper (level 2, 0/27 HPs)
             Began as a Hill Orc Fighter on Dec 8, 2022.
             Slain by a goblin
             ... wielding a +2 dagger of speed
              (2 damage)
             ... on level 1 of the Dungeon.
             The game lasted 00:00:08 (84 turns).

retardedninja the Trooper (Hill Orc Fighter)          Turns: 84, Time: 00:00:09

Health: 0/27       AC:  6    Str: 18    XL:     2   Next: 0%
Magic:  2/2        EV:  9    Int:  8    God:
Gold:   14         SH:  4    Dex: 10    Spells: 1/1 levels left

rFire   . . .      SeeInvis .    a - +0 war axe
rCold   . . .      Faith    .    c - +0 buckler
rNeg    . . .      Spirit   .    b - +0 scale mail
rPois   .          Reflect  .    (no helmet)
rElec   .          Harm     .    (no cloak)
rCorr   .          Rampage  .    (no gloves)
Will    .....                    (no boots)
Stlth   ..........               (no amulet)
HPRegen 0.24/turn                (no ring)
MPRegen 0.08/turn                (no ring)

@: no status effects
A: no striking features
a: no special abilities


You were on level 1 of the Dungeon.
You visited 1 branch of the dungeon, and saw 1 of its levels.

You collected 14 gold pieces.

Inventory:

Hand Weapons
 a - a +0 war axe (weapon)
Armour
 b - a +0 scale mail (worn)
 c - a +0 buckler (worn)
Potions
 d - a potion of might


   Skills:
 + Level 3.8 Fighting
 + Level 2.9 Axes
 + Level 3.4 Armour
 + Level 3.4 Shields


You had one spell level left.
You didn't know any spells.
Your spell library was empty.

Dungeon Overview and Level Annotations

Branches:
Dungeon (1/15)

Altars:


Message History

A goblin comes into view. It is wielding a +2 dagger of speed.
The kobold hits you with a +0 club.
You closely miss the kobold. You slash the endoplasm!
You kill the endoplasm!
The kobold hits you but does no damage.
You miss the kobold. The kobold barely misses you.
A goblin comes into view. It is wielding a +0 club.
You barely miss the kobold.
The goblin shouts!
The kobold hits you with a +0 club. The kobold hits you but does no damage.
You hit the kobold.
You kill the kobold!
You completely miss the goblin. The goblin closely misses you.
The goblin misses you.
You closely miss the goblin.
The goblin hits you with a +2 dagger of speed. x2
You closely miss the goblin. x2; The goblin misses you.
You block the goblin's attack. The goblin completely misses you.
You hit the goblin.
The goblin is heavily wounded.
You slash the goblin!
You kill the goblin!
The goblin hits you with a +2 dagger of speed.
The goblin barely misses you.
The goblin hits you with a +2 dagger of speed.
You have reached level 2!
You miss the goblin.
The goblin is heavily wounded.
The goblin hits you with a +2 dagger of speed.
The goblin hits you but does no damage.
You closely miss the goblin.
The goblin is heavily wounded.
The goblin hits you with a +2 dagger of speed.
* * * LOW HITPOINT WARNING * * *
The goblin hits you with a +2 dagger of speed.
* * * LOW HITPOINT WARNING * * *
You closely miss the goblin.
The goblin is heavily wounded.
The goblin hits you with a +2 dagger of speed.
You die...

.# # #####.# #..
.#...#.# #.# #.....#
#.. .....# #.# #...#
# #.# #g)###.#. #.#
#@)......
#######.#####.......#
...............##$###
#######.######.# #
########.# .#
.........# ..
########.# ### ###.#
####..)#####


You could see a goblin.

Vanquished Creatures
  2 endoplasms (D:1)
  2 goblins (D:1)
  A kobold (D:1)
5 creatures vanquished.

Notes
Turn   | Place    | Note
-------+----------+-------------------------------------------
     0 | D:1      | retardedninja the Hill Orc Fighter began the quest for the
                  | Orb.
     0 | D:1      | Reached XP level 1. HP: 19/19 MP: 1/1
    82 | D:1      | Reached XP level 2. HP: 10/27 MP: 2/2
    84 | D:1      | Slain by a goblin

Illustrated notes

Levels and vault maps discovered:
D:1:      dpeg_arrival_orchard, layout_loops_ring, minmay_indecisive_spiral

Action                   || total
-------------------------++-------
Melee: War axe           ||    16
Armor: Scale mail        ||     5
Dodge: Dodged            ||     7
Block: Buckler           ||     1

Table legend: (Time is in decaauts)
 A = Elapsed time spent in this place.
 B = Non-inter-level travel time spent in this place.
 C = Inter-level travel time spent in this place.
 D = Time resting spent in this place.
 E = Time spent auto-exploring this place.
 F = Levels seen in this place.
 G = Mean time per level.
                   A        B        C        D        E       F      G
               +--------+--------+--------+--------+--------+-----+--------+
         Total |     90 |     90 |      0 |      0 |     58 |   1 |   90.0 |
       Dungeon |     90 |     90 |      0 |      0 |     58 |   1 |   90.0 |
               +--------+--------+--------+--------+--------+-----+--------+

Top non-repeatable levels by time:
     D:1: 90 daAuts
